[ AOE2 MATCH · #467412062 ]
1v1 RMSicilians vs Persians
Player's team · LOSS
Rival team · WIN
[ REPLAY ANALYSIS · EXTRACTED FROM THE RECORDED GAME ]
Feudal
13:50
Castle
19:09
Imperial
—
| APM avg | 51.2 |
| APM peak | 126 |
| eAPM avg | 22.1 |
| Villagers / military | 55 / 17 |
Focus
⚔️ 24.9% · 🌾 75.1%
Serjeant ×6 · Mangonel ×5 · Fishing Ship ×4 · Demolition Raft ×2 · Scorpion ×2 · Unknown (2626) ×1
Feudal
13:45
Castle
19:15
Imperial
—
| APM avg | 31.4 |
| APM peak | 51 |
| eAPM avg | 18.5 |
| Villagers / military | 164 / 51 |
Focus
⚔️ 26.5% · 🌾 73.5%
Knight ×26 · Fishing Ship ×20 · Battering Ram ×12 · Monk ×7 · Unknown (2626) ×6 · Fire Galley ×4
Match map
Resources at game start + every placement click. Thick line = wall · dashed box = detected house wall. 🟡 gold · ⚪ stone · 🟢 berries · 🔶 boar · ⭕ relic
Inputs per minute
— Lagger (-_-)' - - nizam.lko
Build order — Lagger (-_-)'
148 actions detected in the replay
| 0:12 | Build | Town Center |
| 0:38 | Build | Dock |
| 1:03 | Build | House |
| 2:19 | Create | Villager (Male) ×4 |
| 2:20 | Create | Villager (Male) ×4 |
| 2:32 | Research | Loom |
| 2:32 | Create | Villager (Male) |
| 2:33 | Create | Villager (Male) |
| 2:33 | Create | Villager (Male) |
| 2:33 | Create | Villager (Male) |
| 3:45 | Create | Fishing Ship |
| 3:45 | Create | Fishing Ship |
| 3:57 | Create | Villager (Male) |
| 4:31 | Build | Palisade Wall |
| 4:38 | Build | Palisade Wall |
| 4:45 | Build | House |
| 5:23 | Create | Villager (Male) |
| 5:23 | Create | Villager (Male) |
| 5:24 | Create | Fishing Ship |
| 5:24 | Create | Fishing Ship |
| 5:56 | Create | Villager (Male) |
| 6:19 | Create | Villager (Male) |
| 6:49 | Create | Villager (Male) |
| 6:56 | Create | Villager (Male) |
| 7:30 | Create | Villager (Male) |
| 7:33 | Build | House |
| 7:44 | Build | House |
| 8:13 | Create | Villager (Male) |
| 8:36 | Create | Villager (Male) |
| 8:57 | Create | Villager (Male) |
| 8:59 | Build | Lumber Camp |
| 9:17 | Create | Villager (Male) |
| 9:28 | Build | Palisade Wall |
| 9:29 | Build | Palisade Wall |
| 9:29 | Build | Palisade Wall |
| 9:30 | Build | Palisade Wall |
| 9:31 | Build | Palisade Wall |
| 9:32 | Build | Palisade Wall |
| 9:33 | Build | Palisade Wall |
| 9:34 | Build | Palisade Wall |
| 9:35 | Build | Palisade Wall |
| 9:36 | Build | Palisade Wall |
| 9:59 | Build | Mill |
| 10:06 | Create | Villager (Male) |
| 10:30 | Build | Mining Camp |
| 10:35 | Create | Villager (Male) |
| 11:15 | Create | Villager (Male) |
| 11:19 | Build | House |
| 11:25 | Build | Mining Camp |
| 11:32 | Build | Mining Camp |
| 11:40 | Research | Feudal Age |
| 11:40 | Research | Feudal Age |
| 11:48 | Build | Outpost |
| 12:40 | Build | Outpost |
| 13:28 | Create | Villager (Male) |
| 13:28 | Create | Villager (Male) |
| 13:50 | Age | Feudal Age |
| 13:53 | Build | Blacksmith |
| 13:55 | Build | Market |
| 13:57 | Create | Villager (Male) |
| 14:08 | Build | Outpost |
| 14:40 | Create | Villager (Male) |
| 14:48 | Build | Outpost |
| 15:25 | Create | Unit 2626 |
| 15:42 | Build | House |
| 16:12 | Build | Outpost |
| 16:29 | Research | Castle Age |
| 16:29 | Research | Castle Age |
| 17:02 | Create | Demolition Raft |
| 17:16 | Research | Town Watch |
| 17:19 | Build | Outpost |
| 18:35 | Build | Donjon |
| 18:39 | Build | Palisade Wall |
| 18:40 | Build | Palisade Wall |
| 18:42 | Build | Palisade Wall |
| 18:43 | Build | Palisade Wall |
| 18:53 | Build | Barracks |
| 19:09 | Age | Castle Age |
| 19:29 | Create | Demolition Raft |
| 19:34 | Create | Villager (Male) |
| 19:53 | Create | Spearman |
| 20:06 | Build | Palisade Wall |
| 20:06 | Build | Palisade Wall |
| 20:06 | Build | Palisade Wall |
| 20:06 | Build | Palisade Wall |
| 20:07 | Build | Palisade Wall |
| 20:09 | Create | Serjeant |
| 20:12 | Create | Villager (Male) |
| 20:36 | Create | Serjeant |
| 20:42 | Create | Villager (Male) |
| 21:19 | Build | Castle |
| 21:21 | Create | Villager (Male) |
| 21:34 | Build | Outpost |
| 21:42 | Create | Villager (Male) |
| 21:51 | Build | House |
| 22:11 | Build | House |
| 23:09 | Build | Mining Camp |
| 23:11 | Create | Villager (Male) |
| 23:49 | Create | Serjeant |
| 24:20 | Create | Villager (Male) |
| 24:33 | Build | Outpost |
| 24:50 | Create | Villager (Male) |
| 25:11 | Build | Outpost |
| 25:17 | Create | Villager (Male) |
| 25:25 | Build | Siege Workshop |
| 25:44 | Create | Villager (Male) |
| 25:45 | Create | Villager (Male) |
| 26:00 | Build | Outpost |
| 26:08 | Create | Scorpion |
| 26:21 | Create | Villager (Male) |
| 26:59 | Create | Scorpion |
| 27:10 | Build | Donjon |
| 27:19 | Create | Villager (Male) |
| 27:27 | Create | Mangonel |
| 27:49 | Create | Petard |
| 28:34 | Create | Mangonel |
| 28:37 | Build | House |
| 28:56 | Build | House |
| 28:59 | Create | Villager (Male) |
| 28:59 | Create | Villager (Male) |
| 29:01 | Build | House |
| 29:03 | Build | House |
| 29:12 | Create | Serjeant |
| 29:22 | Build | House |
| 29:32 | Build | Outpost |
| 29:56 | Create | Serjeant |
| 30:06 | Create | Villager (Male) |
| 30:07 | Build | Farm |
| 30:09 | Build | Farm |
| 30:10 | Create | Villager (Male) |
| 30:12 | Build | Farm |
| 30:42 | Create | Villager (Male) |
| 31:22 | Create | Mangonel |
| 32:41 | Build | Castle |
| 33:32 | Create | Mangonel |
| 33:33 | Create | Villager (Male) |
| 33:34 | Create | Villager (Male) |
| 33:36 | Build | Farm |
| 33:37 | Build | Farm |
| 33:38 | Create | Villager (Male) |
| 33:44 | Build | Mill |
| 34:09 | Build | Lumber Camp |
| 34:11 | Create | Villager (Male) |
| 34:58 | Create | Mangonel |
| 35:02 | Create | Villager (Male) |
| 35:05 | Build | House |
| 35:28 | Create | Serjeant |
| 35:39 | Create | Villager (Male) |
Build order — nizam.lko
First 150 of 255 actions detected
| 0:05 | Build | House |
| 0:18 | Build | Town Center |
| 0:56 | Build | Dock |
| 2:18 | Create | Villager (Male) |
| 2:19 | Create | Villager (Male) |
| 2:19 | Create | Villager (Male) |
| 2:19 | Create | Villager (Male) |
| 2:19 | Create | Villager (Male) |
| 2:20 | Create | Villager (Male) |
| 2:33 | Create | Fishing Ship |
| 3:27 | Build | House |
| 3:31 | Research | Loom |
| 3:31 | Research | Loom |
| 3:57 | Create | Villager (Male) |
| 3:57 | Create | Villager (Male) |
| 4:27 | Research | Loom |
| 4:51 | Create | Fishing Ship |
| 4:51 | Create | Fishing Ship |
| 4:52 | Create | Fishing Ship |
| 5:04 | Build | House |
| 5:13 | Create | Villager (Male) |
| 5:13 | Create | Villager (Male) |
| 5:33 | Create | Villager (Male) |
| 5:33 | Create | Villager (Male) |
| 5:54 | Create | Villager (Male) |
| 5:54 | Create | Villager (Male) |
| 5:58 | Create | Fishing Ship |
| 6:29 | Create | Villager (Male) |
| 6:29 | Create | Villager (Male) |
| 6:45 | Create | Villager (Male) |
| 6:45 | Create | Villager (Male) |
| 6:59 | Build | House |
| 7:03 | Build | House |
| 7:06 | Create | Fishing Ship |
| 7:09 | Create | Villager (Male) |
| 7:09 | Create | Villager (Male) |
| 7:31 | Create | Villager (Male) |
| 7:32 | Create | Villager (Male) |
| 7:43 | Create | Fishing Ship |
| 8:06 | Create | Villager (Male) |
| 8:06 | Create | Villager (Male) |
| 8:06 | Create | Villager (Male) |
| 8:07 | Create | Villager (Male) |
| 8:07 | Create | Villager (Male) |
| 8:07 | Create | Villager (Male) |
| 8:20 | Create | Fishing Ship |
| 8:57 | Create | Villager (Male) |
| 8:57 | Create | Villager (Male) |
| 9:33 | Build | Mill |
| 9:53 | Build | House |
| 10:09 | Create | Fishing Ship |
| 10:10 | Create | Fishing Ship |
| 10:44 | Create | Villager (Male) |
| 11:04 | Build | Mining Camp |
| 11:17 | Create | Villager (Male) |
| 11:24 | Create | Fishing Ship |
| 11:33 | Research | Feudal Age |
| 11:47 | Build | Dock |
| 12:09 | Create | Fishing Ship |
| 12:11 | Create | Fishing Ship |
| 12:16 | Build | House |
| 12:17 | Build | House |
| 12:41 | Create | Villager (Male) |
| 12:41 | Create | Villager (Male) |
| 13:02 | Create | Fishing Ship |
| 13:03 | Create | Fishing Ship |
| 13:15 | Build | House |
| 13:17 | Build | House |
| 13:45 | Age | Feudal Age |
| 13:48 | Create | Unit 2626 |
| 13:48 | Create | Unit 2626 |
| 13:48 | Create | Unit 2626 |
| 14:07 | Build | Market |
| 14:17 | Build | House |
| 14:19 | Create | Villager (Male) |
| 14:19 | Create | Villager (Male) |
| 14:41 | Create | Unit 2626 |
| 14:55 | Build | Blacksmith |
| 15:17 | Create | Villager (Male) |
| 15:25 | Build | Mill |
| 15:37 | Create | Unit 2626 |
| 15:38 | Create | Unit 2626 |
| 15:45 | Create | Villager (Male) |
| 16:01 | Build | Lumber Camp |
| 16:49 | Research | Castle Age |
| 17:07 | Research | Double-Bit Axe |
| 17:25 | Create | Fire Galley |
| 17:26 | Create | Fire Galley |
| 17:28 | Create | Fire Galley |
| 18:26 | Create | Fire Galley |
| 18:34 | Build | Mining Camp |
| 19:06 | Build | Mining Camp |
| 19:10 | Create | Villager (Male) |
| 19:10 | Create | Villager (Male) |
| 19:11 | Create | Villager (Male) |
| 19:15 | Age | Castle Age |
| 19:22 | Build | Siege Workshop |
| 20:01 | Create | Fishing Ship |
| 20:01 | Create | Fishing Ship |
| 20:01 | Create | Fishing Ship |
| 20:02 | Create | Fishing Ship |
| 20:02 | Create | Fishing Ship |
| 20:07 | Create | Villager (Male) |
| 20:07 | Create | Villager (Male) |
| 20:15 | Build | Monastery |
| 20:38 | Build | Town Center |
| 21:03 | Create | Monk |
| 21:03 | Create | Monk |
| 21:03 | Create | Monk |
| 21:15 | Research | Fletching |
| 21:33 | Create | Villager (Male) |
| 21:33 | Create | Villager (Male) ×5 |
| 21:33 | Create | Villager (Male) ×5 |
| 21:33 | Create | Villager (Male) ×3 |
| 21:42 | Build | House |
| 21:44 | Build | House |
| 21:49 | Create | Villager (Male) |
| 21:49 | Create | Villager (Male) |
| 21:49 | Create | Villager (Male) |
| 21:50 | Create | Villager (Male) |
| 21:50 | Create | Villager (Male) |
| 22:06 | Build | House |
| 22:07 | Build | House |
| 22:11 | Create | Villager (Male) |
| 22:11 | Create | Villager (Male) |
| 22:18 | Build | House |
| 22:19 | Build | House |
| 22:25 | Create | Villager (Male) ×2 |
| 22:26 | Create | Villager (Male) ×2 |
| 22:40 | Create | Battering Ram |
| 22:40 | Create | Battering Ram |
| 22:40 | Create | Battering Ram |
| 22:58 | Create | Villager (Male) ×3 |
| 23:18 | Create | Monk |
| 23:19 | Create | Villager (Male) ×2 |
| 23:19 | Create | Villager (Male) ×2 |
| 23:32 | Build | Farm |
| 24:00 | Build | Farm |
| 24:04 | Research | Horse Collar |
| 24:25 | Research | Town Watch |
| 24:26 | Research | Wheelbarrow |
| 24:27 | Create | Villager (Male) ×2 |
| 24:27 | Create | Villager (Male) ×2 |
| 24:36 | Create | Battering Ram |
| 24:36 | Create | Battering Ram |
| 24:36 | Create | Battering Ram |
| 24:36 | Create | Battering Ram |
| 24:39 | Create | Villager (Male) |
| 24:39 | Create | Villager (Male) |
| 25:01 | Create | Monk |
Match timeline
| 0:38 | Lagger (-_-)' · first_building Dock |
| 0:56 | nizam.lko · first_building Dock |
| 4:31 | Lagger (-_-)' · wall_segment Palisade Wall x1 |
| 4:38 | Lagger (-_-)' · wall_segment Palisade Wall x1 |
| 9:28 | Lagger (-_-)' · wall_segment Palisade Wall x3 |
| 9:29 | Lagger (-_-)' · wall_segment Palisade Wall x1 |
| 9:29 | Lagger (-_-)' · wall_segment Palisade Wall x1 |
| 9:30 | Lagger (-_-)' · wall_segment Palisade Wall x1 |
| 9:31 | Lagger (-_-)' · wall_segment Palisade Wall x1 |
| 9:32 | Lagger (-_-)' · wall_segment Palisade Wall x3 |
| 9:33 | Lagger (-_-)' · wall_segment Palisade Wall x1 |
| 9:34 | Lagger (-_-)' · wall_segment Palisade Wall x1 |
| 9:35 | Lagger (-_-)' · wall_segment Palisade Wall x1 |
| 9:36 | Lagger (-_-)' · wall_segment Palisade Wall x1 |
| 13:45 | nizam.lko · age_up feudal |
| 13:50 | Lagger (-_-)' · age_up feudal |
| 15:03 | Lagger (-_-)' · first_market_buy 100 food |
| 15:03 | Lagger (-_-)' · first_market_sell 100 stone |
| 18:35 | Lagger (-_-)' · first_building Donjon |
| 18:39 | Lagger (-_-)' · wall_segment Palisade Wall x1 |
| 18:40 | Lagger (-_-)' · wall_segment Palisade Wall x1 |
| 18:42 | Lagger (-_-)' · wall_segment Palisade Wall x1 |
| 18:43 | Lagger (-_-)' · wall_segment Palisade Wall x1 |
| 18:53 | Lagger (-_-)' · first_building Barracks |
| 19:09 | Lagger (-_-)' · age_up castle |
| 19:15 | nizam.lko · age_up castle |
| 19:22 | nizam.lko · first_building Siege Workshop |
| 20:06 | Lagger (-_-)' · wall_segment Palisade Wall x1 |
| 20:06 | Lagger (-_-)' · wall_segment Palisade Wall x1 |
| 20:06 | Lagger (-_-)' · wall_segment Palisade Wall x1 |
| 20:06 | Lagger (-_-)' · wall_segment Palisade Wall x1 |
| 20:07 | Lagger (-_-)' · wall_segment Palisade Wall x1 |
| 20:15 | nizam.lko · first_building Monastery |
| 21:19 | Lagger (-_-)' · first_building Castle |
| 25:25 | Lagger (-_-)' · first_building Siege Workshop |
| 29:54 | nizam.lko · first_building Barracks |
| 32:05 | nizam.lko · first_building Stable |
| 32:09 | nizam.lko · first_building Castle |
| 35:51 | Lagger (-_-)' · resign |
[ AI ANALYSIS · 1 CREDIT ]
What really happened in this match?
Wolo.gg analyzes every decision: build order, eco, micro, common mistakes by bracket. Personalized analysis on WhatsApp or Discord in 30 seconds.
Civ guide
Sicilians
Map guide
Nomad
Perfil
Lagger (-_-)'